 Dungeon Crawl Stone Soup version 0.28.0 (webtiles) character file.

Game seed: 2478535685132423824

168 pkoi the Insei (level 5, 0/46 HPs)
             Began as a Draconian Monk on Feb 17, 2022.
             Slain by a gnoll (4 damage)
             ... on level 3 of the Dungeon.
             The game lasted 00:04:34 (4175 turns).

pkoi the Insei (Draconian Monk)                     Turns: 4175, Time: 00:04:36

Health: 0/46       AC:  6    Str: 13    XL:     5   Next: 23%
Magic:  5/5        EV: 13    Int: 12    God:
Gold:   87         SH:  0    Dex: 14    Spells: 4/4 levels left

rFire   . . .      SeeInvis .     - Unarmed
rCold   . . .      Faith    .   j - orb {mayhem}
rNeg    . . .      Spirit   .   (armour unavailable)
rPois   .          Reflect  .   (helmet restricted)
rElec   .          Harm     .   (no cloak)
rCorr   .          Rampage  .   (no gloves)
Will    .....                   e - +0 pair of boots
Stlth   ++........              (no amulet)
HPRegen 0.15/turn               (no ring)
MPRegen 0.09/turn               (no ring)

@: no status effects
A: AC +5, unfitting armour, cold-blooded
a: no special abilities


You were on level 3 of the Dungeon.
You visited 1 branch of the dungeon, and saw 3 of its levels.

You collected 87 gold pieces.

Inventory:

Hand Weapons
 a - a +1 dagger of flaming
Missiles
 c - 7 poisoned darts (quivered)
Armour
 e - a +0 pair of boots (worn)
 j - an orb of mayhem (worn)
Jewellery
 d - a ring of magical power
Scrolls
 i - a scroll of enchant weapon
Potions
 b - 2 potions of curing {unknown}
 g - a potion of invisibility {unknown}
 h - a potion of resistance {unknown}


   Skills:
 + Level 3.7 Fighting
 - Level 3.0 Dodging
 - Level 1.7 Stealth
 * Level 5.5 Unarmed Combat


You had 4 spell levels left.
You didn't know any spells.
Your spell library contained the following spells:

 Spells                   Type           Power      Damage    Failure   Level
 Conjure Flame            Conj/Fire      0%         6-21      69%         3
 Ignite Poison            Fire/Tmut/Pois 0%         N/A       69%         3
 Sticky Flame             Conj/Fire      0%         2d3       97%         4


Dungeon Overview and Level Annotations

Branches:
Dungeon (3/15)

Altars:

Shops:
D:3 (

Annotations:
D:3 1 runed translucent door, Crazy Yiuf


Innate Abilities, Weirdness & Mutations

Your plain brown scales are hard. (AC +5)
You cannot fit into any form of body armour.
You are cold-blooded and may be slowed by cold attacks.


Message History

* * * LOW HITPOINT WARNING * * *
You continue putting on your orb of mayhem.
The gnoll barely misses you. The gnoll closely misses you.
The gnoll misses you. The gnoll hits you with a +0 club.
* * * LOW HITPOINT WARNING * * *
You finish putting on your orb of mayhem.
Unknown command.
Unknown command.
You hit the gnoll.
The gnoll is moderately wounded.
The gnoll hits you but does no damage. The gnoll barely misses you.
The orc barely misses you.
The gnoll hits you from afar with a +0 spear.
* * * LOW HITPOINT WARNING * * *
The gnoll closely misses you.
You closely miss the gnoll.
The gnoll is moderately wounded.
The gnoll barely misses you. x2; The orc closely misses you.
The gnoll hits you from afar with a +0 spear.
* * * LOW HITPOINT WARNING * * *
Unknown command.
You hit the gnoll but do no damage.
You tail-slap the gnoll, but do no damage.
The gnoll is moderately wounded.
The gnoll hits you with a +0 club.
* * * LOW HITPOINT WARNING * * *
The gnoll barely misses you. The gnoll hits you with a +0 club.
* * * LOW HITPOINT WARNING * * *
The orc hits you with a +0 flail!
* * * LOW HITPOINT WARNING * * *
The gnoll hits you from afar with a +0 spear.
* * * LOW HITPOINT WARNING * * *
You closely miss the gnoll.
The gnoll is moderately wounded.
The gnoll hits you with a +0 club.
* * * LOW HITPOINT WARNING * * *
The gnoll hits you from afar with a +0 spear.
* * * LOW HITPOINT WARNING * * *
The gnoll hits you with a +0 club.
You die...

,,##,,,** #..#.##
#......... #...,,,* ##...#
#.........
...#...#########..#
#.........
...#...##......†..#
#.........
..................#
#.........
..................###
#.####....
...............gg...####.#
#....
...#............og...#...#
♣P.P.
..#.#...........@g.......#
♣♣P..
.#...#...................#
♣♣.♣
#..∩..##.................#
♣♣.
.#...#.#.................#
♣.♣
..#.#..#.......<.........#
♣♣.♣
...#...#...###...........#
♣.♣♣ ##.##.####.#
##..........# *#+#*
##..,...,#.# ##.....#...#
*...* ########.#.#
########### #...#


You could see 4 gnolls and an orc.

Vanquished Creatures
  4 adders
  8 gnolls
  A worm (D:3)
  A dart slug (D:1)
  4 endoplasms
  4 giant cockroaches
  4 goblins
  8 hobgoblins
  5 kobolds
  4 quokkas
  4 ball pythons
  A bat (D:1)
  2 frilled lizards
  4 rats
54 creatures vanquished.

Notes
Turn   | Place    | Note
-------+----------+-------------------------------------------
     0 | D:1      | pkoi the Draconian Monk began the quest for the Orb.
     0 | D:1      | Reached XP level 1. HP: 19/19 MP: 1/1
   114 | D:1      | Found a faded altar of an unknown god.
   398 | D:1      | Reached XP level 2. HP: 25/26 MP: 2/2
   897 | D:1      | Reached skill level 4 in Unarmed Combat
  1562 | D:1      | Reached XP level 3. HP: 27/31 MP: 3/3
  2175 | D:1      | Reached skill level 5 in Unarmed Combat
  2175 | D:1      | Reached XP level 4. HP: 17/38 MP: 4/4
  3662 | D:1      | Reached XP level 5. HP: 39/45 MP: 5/5
  3993 | D:3      | Found Inist's Antique Weapon Boutique.
  4063 | D:3      | Found a runed translucent door.
  4064 | D:3      | Noticed Crazy Yiuf
  4175 | D:3      | Slain by a gnoll

Illustrated notes

Levels and vault maps discovered:
D:1:      psy_arrival_heroes, layout_basic,
          shapermc_ecumenical_altar_mp_highgroup, st_stairs_14,
          minmay_misc_feat_secret_circle, minmay_liquid_box,
          minmay_misc_feat_plants
D:2:      layout_rooms
D:3:      layout_rooms, serial_curves, eino_curves_04, eino_curves_01,
          serial_shops, nicolae_diamond_shop, uniq_crazy_yiuf_cottage

Skill      XL: |  1  2  3  4 |
---------------+-------------+-----
Unarmed Combat | 4 5 |  5.5
Dodging        | 3 |  3.0
Fighting       | |  3.7
Stealth        | |  1.7

Action                   |  1- 3 |  4- 6 || total
-------------------------+-------+-------++-------
Melee: Dagger            |    62 |       ||    62
       Unarmed           |    27 |   109 ||   136
       Tailslap          |    15 |    13 ||    28
       Punch             |     2 |     3 ||     5
Throw: Dart              |    40 |       ||    40
  Use: Scroll            |     1 |     4 ||     5
 Stab: Sleeping          |     1 |     1 ||     2
Armor: Skin              |    25 |    36 ||    61
Dodge: Dodged            |    61 |    82 ||   143
